 Dungeon Crawl Stone Soup version 0.18.1-50-g88ac8fd (webtiles) character file.

1369 Krapule the Cutter (level 8, -10/54 HPs)
             Began as a Halfling Fighter on Oct 22, 2016.
             Blown up by an orc warrior (19 damage)
             ... with a wand of disintegration
             ... on level 6 of the Dungeon.
             The game lasted 00:22:52 (6415 turns).

Krapule the Cutter (Halfling Fighter)               Turns: 6415, Time: 00:22:52

Health: -10/54     AC:  6    Str: 16      XL:     8   Next: 97%
Magic:  8/8        EV: 12    Int:  7      God:
Gold:   342        SH: 10    Dex: 11 (16) Spells: 0 memorised, 7 levels left

rFire  + . .     SeeInvis .     a - +0 rapier
rCold  . . .     Gourm    .     h - +0 ring mail
rNeg   . . .     Faith    .     c - +0 shield
rPois  .         Spirit   .     (no helmet)
rElec  .         Dismiss  .     (no cloak)
rCorr  .         Reflect  .     (no gloves)
SustAt .         Harm     .     (no boots)
MR     .....                    (no amulet)
Stlth  ++........               x - ring of protection from fire
                                B - ring of wizardry

@: not resistant to hostile enchantments, unstealthy
A: mutation resistance 1
a: no special abilities


You were on level 6 of the Dungeon.
You were near starving.

You visited 1 branch of the dungeon, and saw 6 of its levels.

You collected 342 gold pieces.

Inventory:

Hand Weapons
 a - a +0 rapier (weapon)
Armour
 b - a +0 scale mail
 c - a +0 shield (worn)
 h - a +0 ring mail (worn)
Jewellery
 g - an uncursed ring of resist corrosion
 x - a ring of protection from fire (right hand)
 B - a ring of wizardry (left hand)
Wands
 d - a wand of flame (45/48)
 m - a wand of disintegration (12/24)
 p - a wand of random effects (33/48)
 D - a wand of confusion (17/48)
Scrolls
 l - a scroll of recharging
 n - a scroll of remove curse
 o - 2 scrolls of blinking
 q - 2 scrolls of identify
 s - 2 scrolls of immolation {unknown}
 u - 3 scrolls of magic mapping {unknown}
 y - 4 scrolls of enchant armour {unknown}
 z - a scroll of amnesia {unknown}
 C - a scroll of fog {unknown}
 E - a scroll of teleportation {unknown}
Potions
 e - a potion of curing
 i - 3 potions of ambrosia
 j - 2 potions of berserk rage
 k - 3 potions of heal wounds
 r - a potion of haste {unknown}
 A - a potion of cancellation {unknown}
 G - a potion of degeneration {unknown}
Books
 v - a book of Summonings

   Spells                             Type                      Level
   a - Recall                         Summoning/Translocation      3
   b - Aura of Abjuration             Summoning                    5
   c - Summon Demon                   Summoning                    5
   d - Summon Forest                  Summoning/Translocation      5
   e - Summon Mana Viper              Hexes/Summoning              5
   f - Shadow Creatures               Summoning                    6
Comestibles
 f - 3 bread rations
 t - a beef jerky
 w - 5 meat rations


   Skills:
 + Level 4.5 Fighting
 + Level 6.4 Short Blades
 + Level 5.5 Armour
 + Level 4.4 Dodging
 + Level 4.6 Stealth
 + Level 5.5 Shields


You had 7 spell levels left.
You didn't know any spells.

Dungeon Overview and Level Annotations

Branches:
Dungeon (6/15)
 Temple: D:4-7

Altars:
Qazlal
Ru
Sif Muna
Trog
Xom
The Shining One

Shops:
D:5 (


Innate Abilities, Weirdness & Mutations

You are small and have problems with some larger weapons.
You are somewhat resistant to further mutation.


Message History

You barely miss the orc warrior.
The orc warrior zaps a wand.
You are blasted!
It is a wand of disintegration.
Evoke which item? (* to show all) (? for menu, Esc to quit)
Zapping:
m - a wand of disintegration (will waste charges)
Press: ? - help, Shift-Dir - straight line, f - orc warrior
Aim: an orc warrior, wielding a long sword of protection, wearing a plate armour and carrying a wand of disintegration {zapped: 1} (chance to defeat MR: 65%)
The orc warrior struggles to resist.
Evoking this partially-identified wand wasted a few charges.
The orc shouts!
The orc warrior zaps a wand.
You are blasted!
Evoke which item? (* to show all) (? for menu, Esc to quit)
Zapping:
m - a wand of disintegration {zapped: 3} (will waste charges)
Press: ? - help, Shift-Dir - straight line, f/p - orc warrior
Aim: an orc warrior, wielding a long sword of protection, wearing a plate armour and carrying a wand of disintegration {zapped: 2} (chance to defeat MR: 65%)
The orc warrior is blasted.
Evoking this partially-identified wand wasted a few charges.
The orc warrior zaps a wand.
You are blasted!
* * * LOW HITPOINT WARNING * * *
The orc warrior zaps a wand.
You are blasted!
You die...

###)#...#.#####.....#.........
###.............................
#......o{..###..##.#..##.###.###
####...#####...o...#.....# #.# #
##...##.5...........#### #.# #
####....#.......5####...# #.# #
...............#o# #.#.# #.###
#.....###......#.# #.### #.#..
.o##.## ......#@# #.# #.#.# ..
..# ..... #.# #.#######...# .
...# (.... ..# #.##........# .
.... .... .### ####........#
.... ## #........# ..#
#........# ##############
#............. #..#...#...#..


You could see an orc warrior, a shadow imp and an orc.

Vanquished Creatures
  Menkaure (D:5)
  Duvessa (D:3)
  Purgy (D:4)
  A sky beast (D:5)
  A black bear (D:6)
  An ogre (D:4)
  A centaur (D:6)
  Blork the orc (D:5)
  Dowan (D:4)
  A scorpion (D:5)
  A howler monkey (D:5)
  A crimson imp (D:5)
  A quasit (D:6)
  A giant frog skeleton (D:5)
  3 hounds
  2 orc priests
  An orc wizard (D:6)
  A hound zombie (D:6)
  A worker ant zombie (D:6)
  4 gnolls (D:5)
  8 adders
  2 oozes
  2 worms
  2 dart slugs
  4 giant geckos
  11 orcs
  A ball python (D:5)
  2 giant cockroaches (D:3)
  5 goblins
  7 hobgoblins
  2 jackals (D:5)
  7 kobolds
  A quokka (D:2)
  5 bats
  A giant gecko zombie (D:5)
  3 giant newts
  7 rats
  A fungus (D:3)
97 creatures vanquished.

Vanquished Creatures (others)
  A fungus (D:3)
1 creature vanquished.

Grand Total: 98 creatures vanquished

Notes
Turn   | Place    | Note
--------------------------------------------------------------
     0 | D:1      | Krapule the Halfling Fighter began the quest for the Orb.
     0 | D:1      | Reached XP level 1. HP: 15/15 MP: 1/1
   145 | D:1      | Reached skill level 3 in Short Blades
   145 | D:1      | Reached XP level 2. HP: 17/20 MP: 2/2
   524 | D:1      | Reached XP level 3. HP: 25/25 MP: 3/3
   790 | D:2      | Reached skill level 1 in Stealth
   888 | D:2      | Reached skill level 1 in Dodging
   914 | D:2      | Found a faded altar to an unknown god.
  1067 | D:2      | Reached XP level 4. HP: 31/31 MP: 4/4
  1136 | D:2      | Found a sacrificial altar of Ru.
  1391 | D:3      | Found a shimmering altar of Xom.
  1704 | D:3      | Found a glowing golden altar of the Shining One.
  1869 | D:3      | Reached XP level 5. HP: 10/36 MP: 5/5
  2316 | D:3      | Found a stormy altar of Qazlal.
  2467 | D:4      | Noticed an ogre
  2488 | D:4      | Killed an ogre
  2488 | D:4      | Reached skill level 4 in Short Blades
  2488 | D:4      | Reached XP level 6. HP: 21/42 MP: 6/6
  2646 | D:4      | Noticed Dowan
  2648 | D:4      | Noticed Duvessa
  2692 | D:4      | Killed Dowan
  3029 | D:3      | Killed Duvessa
  3029 | D:3      | Reached XP level 7. HP: 19/47 MP: 7/7
  3369 | D:4      | Found a deep blue altar of Sif Muna.
  3829 | D:4      | Noticed Purgy
  3857 | D:4      | Killed Purgy
  4237 | D:5      | Entered Level 5 of the Dungeon
  4718 | D:5      | Reached skill level 5 in Short Blades
  4729 | D:5      | Reached XP level 8. HP: 29/54 MP: 8/8
  4828 | D:5      | Reached skill level 5 in Armour
  4979 | D:5      | Found a deep blue altar of Sif Muna.
  5011 | D:5      | Noticed Menkaure
  5026 | D:5      | Killed Menkaure
  5026 | D:5      | Reached skill level 5 in Shields
  5041 | D:5      | Noticed Blork the orc
  5063 | D:5      | Killed Blork the orc
  5597 | D:5      | Found Eciane's Weapon Boutique.
  5764 | D:6      | Reached skill level 6 in Short Blades
  6346 | D:6      | Found a bloodstained altar of Trog.
  6415 | D:6      | Blown up by an orc warrior

Skill      XL: |  1  2  3  4  5  6  7  8 |
---------------+-------------------------+-----
Short Blades   | 3 4 5 6 |  6.4
Stealth        | 1 2 3 4 |  4.6
Fighting       | 3 4 |  4.5
Dodging        | 1 2 3 4 |  4.4
Armour         | 4 5 |  5.5
Shields        | 4 5 |  5.5

Action                   |  1- 3 |  4- 6 |  7- 9 || total
-------------------------+-------+-------+-------++-------
Melee: Rapier            |   117 |   200 |   367 ||   684
Evoke: Wand              |       |     1 |     4 ||     5
  Use: Potion            |       |       |     1 ||     1
       Scroll            |       |       |     7 ||     7
 Stab: Sleeping          |       |     1 |     2 ||     3
       Distracted        |       |       |     1 ||     1
  Eat: Chunk             |     1 |     5 |     9 ||    15
       Fruit             |       |     1 |     1 ||     2
Armor: Scale mail        |    17 |       |       ||    17
       Ring mail         |    20 |    38 |    90 ||   148
Dodge: Dodged            |    46 |    65 |   165 ||   276
Block: Shield            |    50 |    73 |   173 ||   296
